 Dungeon Crawl Stone Soup version 0.30-a0-170-g85af917532 (webtiles) character file.

Game seed: 16569191979881575471

68 qw the Chopper (level 4, -3/28 HPs)
             Began as a Gargoyle Fighter on Sept 30, 2022.
             Slain by a gnoll
             ... wielding a +0 spear
              (7 damage)
             ... on level 3 of the Dungeon.
             The game lasted 00:00:41 (2155 turns).

qw the Chopper (Gargoyle Fighter)                   Turns: 2155, Time: 00:00:41

Health: -3/28      AC: 10    Str: 22    XL:     4   Next: 19%
Magic:  4/4        EV:  9    Int:  8    God:
Gold:   144        SH:  4    Dex:  9    Spells: 3/3 levels left

rFire   . . .      SeeInvis .    Y - +0 war axe
rCold   . . .      Faith    .    c - +0 buckler
rNeg    + . .      Spirit   .    b - +0 scale mail
rPois   inf        Reflect  .    (no helmet)
rElec   +          Harm     .    (no cloak)
rCorr   .          Rampage  .    (no gloves)
Will    .....                    (no boots)
Stlth   ..........               (no amulet)
HPRegen 0.09/turn                (no ring)
MPRegen 0.09/turn                (no ring)

@: no status effects
A: sickness immunity, AC +3, negative energy resistance 1, electricity
resistance, torment resistance 1, petrification resistance
a: no special abilities


You were on level 3 of the Dungeon.
You visited 1 branch of the dungeon, and saw 3 of its levels.

You collected 144 gold pieces.


Innate Abilities, Weirdness & Mutations

You are immune to sickness and miasma.
Your stone body is resilient. (AC +3)
You are immune to poison.
You resist negative energy. (rN+)
You are resistant to electric shocks. (rElec)
You are resistant to unholy torment.
You are immune to petrification.


   Skills:
 - Level 3.2 Fighting
 + Level 3.9 Axes
 - Level 3.2 Armour
 - Level 3.2 Shields


You had 3 spell levels left.
You didn't know any spells.
Your spell library was empty.

Inventory:

Hand Weapons
 k - a +0 whip
 Y - a +0 war axe (weapon)
Armour
 b - a +0 scale mail (worn)
 c - a +0 buckler (worn)
 g - a +0 chain mail
 h - a +0 cloak
Scrolls
 a - a scroll of enchant armour
Potions
 d - 3 potions of might
 e - a potion of curing
 f - a potion of resistance {unknown}
 i - 2 potions of cancellation {unknown}

Dungeon Overview and Level Annotations

Branches:
Dungeon (3/15)

Altars:

Shops:
D:1 :


Message History

The slug dart misses you.
Enter note:
2105 ||| Stepping ~*~*~tactically~*~*~ (hiding).
You start waiting.
A dart slug is nearby!
The dart slug launches a dart at you. The slug dart hits you.
You slash the dart slug!
You kill the dart slug!
You have reached level 4!
You feel stronger.
You start resting.
HP restored.
i - 2 coppery potions (gained 1) 2 gnolls come into view.
A gnoll is wielding a +2 halberd of protection.
The gnoll shouts! x2
A gnoll comes into view. It is wielding a +0 flail.
The gnoll shouts!
You hear an angry hiss.
A gnoll comes into view. It is wielding a +0 spear.
The gnoll shouts!
You hear a shout!
A frilled lizard comes into view.
The gnoll hits you with a +0 spear. The gnoll hits you but does no damage.
You slash the gnoll!
The gnoll is almost dead.
The gnoll closely misses you.
The gnoll hits you from afar with a +2 halberd of protection!
The gnoll barely misses you. The gnoll hits you but does no damage.
You barely miss the gnoll.
The gnoll is almost dead.
The gnoll hits you from afar with a +2 halberd of protection!
The gnoll hits you with a +0 spear.
You completely miss the gnoll.
The gnoll is almost dead.
The gnoll hits you from afar with a +2 halberd of protection.
The gnoll barely misses you.
You slash the gnoll!
You kill the gnoll!
The gnoll hits you but does no damage. You block the gnoll's attack.
The gnoll hits you from afar with a +0 spear!
You die...

#...###.##.## ###.#
#.....# #.# ####..#
#.# #..# #.######..#
#......%..#
#####.###.# .##
##...##.#######l...#
............@ggg....
###...##.#######....#
##. #.# .## # #.# #.#
#.# ..# .##


You could see 3 gnolls and a frilled lizard.

Vanquished Creatures
  A gnoll (D:3)
  2 adders (D:2)
  3 dart slugs
  2 bats
  2 endoplasms (D:2)
  A giant cockroach (D:2)
  A goblin (D:1)
  A hobgoblin (D:2)
  3 jackals (D:2)
  2 kobolds (D:1)
  6 ball pythons
  10 frilled lizards
  4 rats
38 creatures vanquished.

Notes
Turn   | Place    | Note
-------+----------+-------------------------------------------
     0 | D:1      | qw the Gargoyle Fighter began the quest for the Orb.
     0 | D:1      | Reached XP level 1. HP: 14/14 MP: 1/1
     0 | D:1      | 0 ||| qw: Version: 0.2-a-12-gaebbb33
     0 | D:1      | 0 ||| qw: Game counter: 1633
     0 | D:1      | 0 ||| qw: Always use a shield: true
     0 | D:1      | 0 ||| qw: God list: Okawaru
     0 | D:1      | 0 ||| qw: Allow faded altars: false
     0 | D:1      | 0 ||| qw: Do Orc after D:15 true
     0 | D:1      | 0 ||| qw: Do second Lair branch before Depths: true
     0 | D:1      | 0 ||| qw: Lair rune preference: random
     0 | D:1      | 0 ||| qw: Plans: Normal, Zot:1-4, God:TSO, Crypt, Tomb,
                  | Pan, Slime:5, Hells, Abyss, Orb
     0 | D:1      | 0 ||| PLANNING D:1-11
   135 | D:1      | 135 ||| Stepping ~*~*~tactically~*~*~ (stealth).
   169 | D:1      | Reached XP level 2. HP: 18/19 MP: 2/2
   446 | D:1      | Found Ynabemog's Book Shoppe.
   486 | D:1      | 486 ||| DROPPING +0 club.
   830 | D:1      | 830 ||| DROPPING +6 ring of intelligence.
   831 | D:1      | 831 ||| READING scroll labelled CUDOCZ GIELAL.
   832 | D:1      | 832 ||| READING scroll labelled COYFRUL RORGHO.
   836 | D:1      | 836 ||| READING scroll labelled MOWENAORAST.
   837 | D:1      | 837 ||| READING scroll labelled JUIMU KYGRYRPH.
   838 | D:1      | 838 ||| READING scroll labelled DOAMOP ZYFFITY.
   916 | D:2      | Reached skill level 3 in Axes
   939 | D:2      | 939 ||| Stepping ~*~*~tactically~*~*~ (stealth).
   972 | D:2      | Reached XP level 3. HP: 23/23 MP: 3/3
   991 | D:2      | 991 ||| Stepping ~*~*~tactically~*~*~ (stealth).
  1000 | D:2      | 1000 ||| Stepping ~*~*~tactically~*~*~ (stealth).
  1003 | D:2      | 1003 ||| Stepping ~*~*~tactically~*~*~ (stealth).
  1005 | D:2      | 1005 ||| Stepping ~*~*~tactically~*~*~ (stealth).
  1021 | D:2      | 1021 ||| Stepping ~*~*~tactically~*~*~ (stealth).
  1322 | D:2      | 1322 ||| Stepping ~*~*~tactically~*~*~ (hiding).
  1789 | D:2      | 1789 ||| DROPPING orb of mayhem.
  1790 | D:2      | 1790 ||| READING 2 scrolls labelled YCOREI NAPTI.
  1791 | D:2      | 1791 ||| READING scroll labelled UDUEWACW DOHIH.
  1892 | D:2      | 1892 ||| READING scroll labelled OZXEMA MEEBB.
  1893 | D:2      | 1893 ||| DRINKING 2 black potions.
  2105 | D:3      | 2105 ||| Stepping ~*~*~tactically~*~*~ (hiding).
  2118 | D:3      | Reached XP level 4. HP: 25/28 MP: 4/4
  2153 | D:3      | HP: 4/28 [gnoll/+2 halberd of protection (4)]
  2155 | D:3      | Slain by a gnoll

Levels and vault maps discovered:
D:1:      lemuel_arrival_rhombus, layout_loops_ring, serial_shops,
          nicolae_shop_crystal, minmay_lizard_pond
D:2:      layout_loops_ring, nicolae_eternal_life, uniq_crazy_yiuf_cottage
D:3:      layout_loops_corners, trog_antimagical, small_statue_intersection

Skill      XL: |  1  2 |
---------------+-------+-----
Axes           | 2 3 |  3.9
Fighting       | |  3.2
Armour         | |  3.2
Shields        | |  3.2

Action                   |  1- 3 |  4- 6 || total
-------------------------+-------+-------++-------
Melee: War axe           |   140 |     4 ||   144
  Use: Scroll            |     8 |       ||     8
       Potion            |     1 |       ||     1
Armor: Scale mail        |    71 |     3 ||    74
Dodge: Dodged            |    72 |     3 ||    75
Block: Buckler           |    28 |     1 ||    29

Table legend:
 A = Non-vault XP
 B = Vault XP
 C = Vault XP percentage of total XP
 D = Non-vault monster count
 E = Vault monster count
 F = Vault count percentage of total count
                 A         B        C        D         E       F
            +---------+---------+-------+---------+---------+-------
      Total |      92 |       6 |   6.1 |      32 |       6 |  15.8
            +---------+---------+-------+---------+---------+-------
        D:1 |      17 |       6 |  26.1 |      12 |       6 |  33.3
        D:2 |      56 |       0 |   0.0 |      17 |       0 |   0.0
        D:3 |      19 |       0 |   0.0 |       3 |       0 |   0.0
            +---------+---------+-------+---------+---------+-------
